Map: Port Aleksander LE

Players

ZipperTheFly - Winner!

  • Race: Terran Terran
  • Spawn Location: 5:00

JEROS

  • Race: Terran Terran
  • Spawn Location: 11:00

Event: 2019 WCS Spring

VOD

Have the link to the VOD?

Description

Time

  • Played on: May 17, 2019, 12:10 p.m.
  • Length: 16:30

All games in this series

Show
View Real Time Build Order
Export as new Build Order

ZipperTheFly Terran - Winner!

Build Orders:  

Get SALT Encoding   

  12  0:00  SCV  
  13  0:13  SCV  
  14  0:18  Supply Depot  
  14  0:25  SCV  
  15  0:29  Refinery  
  15  0:39  SCV  
  16  0:46  Barracks  
  16  0:51  SCV  
  16  0:56  Refinery  
  17  1:03  SCV  
  18  1:15  SCV  
  19  1:32  Reaper  
  19  1:33  Orbital Command  
  19  1:37  Factory  
  20  1:50  Supply Depot  
  20  1:58  SCV  
  21  2:05  Reaper  
  22  2:10  SCV  
  23  2:22  SCV  
  24  2:24  Hellion  
  26  2:30  Command Center  
  26  2:34  SCV  
  28  2:39  Barracks Reactor  
  27  2:44  Supply Depot  
  27  2:46  SCV  
  27  2:47  Factory Tech Lab  
  28  2:57  Starport  
  28  2:58  SCV  
  29  3:06  Cyclone  
  29  3:10  SCV  
  33  3:18  Marine x2  
  35  3:23  SCV  
  36  3:31  Refinery  
  36  3:35  SCV, Marine  
  36  3:36  Marine  
  39  3:42  Orbital Command  
  39  3:44  Factory Tech Lab  
  39  3:45  Raven  
  39  3:48  SCV  
  42  3:53  Marine x2  
  44  4:00  SCV  
  45  4:03  Siege Tank  
  45  4:09  SCV  
  49  4:12  SCV, Supply Depot  
  49  4:14  Marine  
  49  4:15  Marine  
  52  4:21  SCV  
  52  4:23  Supply Depot  
  54  4:24  SCV  
  54  4:33  Raven  
  54  4:34  Marine  
  54  4:35  Marine  
  59  4:38  SCV x2  
  59  4:45  Siege Tank  
  63  4:50  SCV x2  
  63  4:54  Marine x2  
  60  5:07  SCV  
  60  5:11  SCV  
  62  5:19  SCV  
  60  5:23  SCV  
  59  5:31  SCV  
  59  5:33  Command Center  
  59  5:35  SCV  
  61  5:41  Supply Depot  
  61  5:44  SCV  
  61  5:46  Siege Tank  
  61  5:47  SCV  
  66  5:51  Supply Depot  
  66  5:56  SCV  
  67  5:59  SCV, Refinery  
  67  6:01  Viking, Supply Depot  
  67  6:03  Viking  
  72  6:08  SCV  
  72  6:09  Stimpack  
  73  6:11  SCV  
  72  6:20  SCV  
  72  6:23  SCV  
  74  6:27  Marine  
  74  6:28  Siege Tank  
  78  6:33  Viking x2  
  78  6:36  SCV  
  78  6:38  Orbital Command  
  83  6:45  Marine  
  83  6:51  Orbital Command  
  83  6:56  SCV  
  84  7:03  Viking x2, Marine  
  84  7:04  Siege Tank  
  92  7:09  SCV, Barracks  
  92  7:10  Orbital Command, Barracks  
  92  7:13  Orbital Command  
  92  7:15  SCV  
  87  7:24  Marine  
  87  7:28  SCV  
  89  7:38  Viking x2  
  89  7:40  SCV x2  
  89  7:42  Marine  
  96  7:48  Siege Tank  
  96  7:50  SCV  
  95  7:52  SCV  
  95  7:56  SCV  
  83  8:00  Barracks Reactor x2  
  83  8:07  Engineering Bay  
  83  8:08  Engineering Bay  
  83  8:11  Combat Shield  
  83  8:23  Barracks x2  
  83  8:30  Marine  
  83  8:34  SCV  
  76  8:42  Terran Infantry Weapons Level 1, SCV, Terran Infantry Armor Level 1  
  76  8:43  Siege Tank  
  76  8:47  SCV  
  81  8:48  Marine  
  81  8:50  Marine x3  
  85  8:56  Marine  
  85  8:57  Sensor Tower  
  85  8:58  Medivac x2  
  90  9:03  Missile Turret  
  90  9:05  Missile Turret  
  90  9:06  Marine  
  90  9:07  Missile Turret  
  90  9:09  Marine x3  
  94  9:12  Barracks Reactor x2  
  94  9:18  Missile Turret x2  
  94  9:21  Missile Turret  
  94  9:23  Missile Turret  
  94  9:26  Siege Tank  
  97  9:35  SCV  
  98  9:44  Missile Turret  
  98  9:48  SCV  
  98  9:50  Marine  
  100  9:53  SCV  
  100  9:54  Marine  
  100  9:56  Marine x2  
  100  9:57  Marine x4  
  100  9:58  Armory, Marine  
  100  9:59  Orbital Command  
  109  10:01  SCV  
  109  10:13  Supply Depot x2  
  109  10:14  SCV, Marine x2, Siege Tank, Supply Depot  
  109  10:16  Marine x2  
  117  10:25  Sensor Tower  
  117  10:34  Marine  
  117  10:35  SCV x3  
  121  10:37  Factory, Refinery  
  121  10:38  Barracks Reactor  
  121  10:41  Refinery  
  121  10:45  Missile Turret  
  121  10:47  SCV x2  
  123  10:50  Terran Infantry Weapons Level 2, Terran Infantry Armor Level 2  
  123  10:57  Siege Tank  
  123  10:59  Marine x5  
  123  11:00  Marine  
  123  11:01  Marine  
  123  11:04  Marine  
  134  11:09  Missile Turret  
  134  11:15  Marine x2  
  134  11:16  Marine  
  134  11:17  Marine x2  
  138  11:19  Marine x2  
  140  11:25  Supply Depot  
  140  11:26  Supply Depot  
  140  11:35  Medivac  
  140  11:36  Medivac  
  140  11:38  Siege Tank  
  138  11:44  Marine x2  
  138  11:46  Marine x2  
  134  11:47  Orbital Command  
  134  11:48  Marine x2  
  134  11:53  Marine  
  109  11:55  Marine x2  
  109  11:57  Marine  
  104  12:01  SCV x2  
  104  12:02  Marine x2  
  104  12:04  Marine x2  
  104  12:06  Marine x2  
  104  12:07  Viking x2  
  116  12:13  SCV x3  
  116  12:15  Marine x2  
  121  12:19  Marine x2  
  123  12:25  SCV  
  123  12:28  SCV, Liberator  
  123  12:29  Marine x6  
  126  12:30  Sensor Tower  
  126  12:35  Refinery  
  129  12:37  Missile Turret  
  129  12:40  Missile Turret  
  121  12:47  Viking  
  126  12:52  Marine x2  
  126  12:57  Marine x7  
  135  12:59  Marine  
  134  13:26  Command Center  
  125  13:27  Marine x2  
  125  13:28  Marine  
  125  13:29  Marine x5  
  125  13:30  Siege Tank  
  125  13:31  Siege Tank  
  125  13:32  Marine  
  140  13:36  Marine  
  141  13:45  Marine x2  
  141  13:47  Terran Infantry Weapons Level 3  
  142  13:56  Marine  
  142  14:00  Marine x2  
  142  14:01  Marine  
  142  14:02  Marine x2  
  147  14:06  Supply Depot  
  147  14:07  Supply Depot  
  147  14:13  Liberator  
  147  14:17  Siege Tank  
  150  14:23  Supply Depot  
  153  14:33  Marine x2  
  153  14:37  Marine  
  155  14:41  Marine x2  
  155  14:42  Marine  
  155  14:43  Marine  
  155  14:45  SCV x2  
  159  14:47  Marine x2  
  159  14:49  Marine  
  159  14:52  Siege Tank  
  165  14:58  Siege Tank  
  165  15:02  Planetary Fortress  
  165  15:18  Marine  
  165  15:19  Marine x2  
  165  15:20  Marine  
  168  15:24  Marine x2  
  168  15:26  Marine x2  
  168  15:27  Siege Tank  
  173  15:31  SCV  
  173  15:32  Marine  
  161  15:49  Marine x3  
  140  15:50  SCV  
  140  15:51  Marine x2  
  140  15:52  Viking x2, Marine  
  140  15:55  SCV x2  
  140  15:56  SCV  
  151  15:59  Marine x2  
  151  16:02  SCV  
  154  16:08  SCV  
  154  16:09  Marine  
  156  16:12  Marine x2  
  156  16:14  SCV  
Show
View Real Time Build Order
Export as new Build Order

JEROS Terran 

Build Orders: Hellion Banshee 

Get SALT Encoding   

  12  0:00  SCV  
  13  0:13  SCV  
  14  0:18  Supply Depot  
  14  0:25  SCV  
  15  0:29  Refinery  
  15  0:40  SCV  
  16  0:45  Barracks  
  16  0:52  SCV  
  18  1:04  SCV  
  18  1:16  SCV  
  20  1:32  Reaper  
  20  1:33  Orbital Command  
  20  1:47  Command Center  
  20  1:59  Factory  
  20  2:04  SCV  
  21  2:09  Barracks Reactor  
  21  2:17  SCV  
  22  2:25  Supply Depot  
  22  2:29  SCV  
  23  2:30  Refinery  
  23  2:45  Starport  
  23  2:46  SCV  
  24  2:52  Hellion x2  
  24  2:55  Barracks Tech Lab  
  28  2:58  SCV  
  28  3:01  Orbital Command  
  29  3:15  Hellion  
  29  3:16  Hellion  
  33  3:23  SCV  
  35  3:29  Refinery  
  35  3:32  Banshee  
  38  3:35  Barracks Tech Lab  
  38  3:37  SCV  
  38  3:43  Hellion x2  
  42  3:49  SCV x2  
  42  3:54  Supply Depot  
  44  4:01  SCV  
  45  4:04  Stimpack  
  45  4:13  SCV  
  45  4:15  SCV  
  45  4:16  Hellion x2  
  51  4:23  Supply Depot  
  51  4:24  Banshee  
  54  4:36  Supply Depot  
  54  4:44  SCV x2  
  56  4:46  Supply Depot  
  56  4:48  Factory Reactor  
  56  4:55  Barracks  
  56  4:56  SCV x2  
  56  4:59  Marine  
  59  5:00  Barracks  
  57  5:08  SCV x2  
  56  5:20  SCV x2, Marine  
  57  5:23  Engineering Bay  
  57  5:26  Supply Depot  
  57  5:31  Starport Reactor  
  57  5:33  SCV x2  
  59  5:38  Marine  
  59  5:39  Siege Tank  
  63  5:43  Marine  
  63  5:44  Marine  
  63  5:45  SCV  
  63  5:48  SCV  
  67  5:52  Supply Depot  
  67  5:53  Marine x2  
  67  5:54  Terran Infantry Weapons Level 1  
  69  5:57  SCV  
  69  6:01  Barracks x2  
  69  6:03  Marine  
  69  6:04  Marine x2  
  72  6:05  Combat Shield  
  72  6:10  Marine  
  72  6:11  Refinery  
  74  6:13  SCV x2  
  74  6:15  Supply Depot  
  76  6:20  Marine  
  76  6:21  Marine  
  76  6:22  Siege Tank  
  76  6:23  Medivac x2  
  85  6:31  Marine x3  
  85  6:44  Supply Depot x2, Marine x2  
  87  6:52  Barracks Reactor  
  87  6:53  Medivac x2, Marine x3, Barracks Reactor  
  89  7:02  Siege Tank, Marine x2  
  90  7:11  Marine x2  
  90  7:13  Marine  
  93  7:19  Marine  
  91  7:23  Medivac x2  
  91  7:24  Marine  
  91  7:29  Marine x2  
  89  7:31  Marine  
  89  7:34  Siege Tank  
  89  7:36  Supply Depot  
  91  7:37  Marine, Supply Depot  
  92  7:44  Liberator x2, Marine x3  
  92  7:45  Marine  
  92  7:50  Marine x2  
  94  7:55  Marine x2  
  89  7:58  Terran Infantry Armor Level 1  
  89  8:02  Marine x4  
  98  8:08  Marine x2  
  98  8:11  Factory  
  100  8:13  Siege Tank, Marine x2  
  100  8:18  Barracks Reactor  
  105  8:20  Marine x3  
  105  8:22  Marine, Supply Depot  
  105  8:26  Marine  
  110  8:29  Marine  
  110  8:31  Marine  
  104  8:40  Marine  
  94  8:45  Marine x2  
  96  8:51  Marine x2  
  96  8:53  Command Center  
  96  8:54  Marine x4  
  102  8:57  SCV  
  102  8:58  SCV  
  104  9:03  Armory  
  104  9:06  Engineering Bay  
  104  9:13  Marine x3  
  107  9:17  Siege Tank  
  107  9:20  Siege Tank  
  113  9:29  Marine x3  
  116  9:32  SCV x2  
  116  9:36  Medivac x2  
  122  9:52  Supply Depot  
  122  9:53  Supply Depot  
  115  10:00  Marine x6  
  115  10:06  Medivac x2  
  125  10:12  Orbital Command  
  125  10:13  SCV x2  
  127  10:17  Terran Infantry Weapons Level 2  
  127  10:22  Terran Infantry Armor Level 2  
  127  10:25  Terran Vehicle Weapons Level 1  
  127  10:26  SCV  
  128  10:28  SCV  
  128  10:35  Sensor Tower  
  129  10:36  Siege Tank  
  129  10:38  SCV  
  129  10:41  SCV  
  134  10:46  Marine x3  
  134  10:47  Siege Tank  
  134  10:48  Medivac x2  
  134  10:49  Marine x2  
  146  10:50  SCV  
  146  10:51  SCV  
  146  10:55  Marine  
  146  10:56  Marine x3  
  152  11:02  Marine  
  153  11:04  Marine x2  
  153  11:05  Refinery x2  
  153  11:06  SCV  
  153  11:07  Supply Depot x2  
  154  11:13  Marine x4  
  154  11:14  Siege Tank  
  157  11:24  Marine, Supply Depot  
  157  11:25  Supply Depot, Marine x2  
  160  11:26  Siege Tank  
  163  11:35  Marine  
  163  11:36  Marine x2  
  163  11:37  Marine x2  
  163  11:38  Marine  
  163  11:39  Marine  
  147  11:42  Marine  
  147  11:45  Marine x2  
  144  11:53  Marine x2  
  144  11:54  Marine  
  124  11:55  Marine x3  
  124  11:57  Marine  
  124  12:00  Marine  
  112  12:09  Marine  
  112  12:10  Siege Tank x2  
  119  12:17  Command Center  
  119  12:26  Medivac x2, Marine  
  119  12:27  Marine x5  
  129  12:37  Marine  
  129  12:39  Sensor Tower, Marine x2  
  129  12:41  Marine  
  129  12:43  Siege Tank x2, Marine  
  136  12:47  Marine x2  
  136  12:49  Marine x3  
  138  12:56  Medivac x2  
  139  13:10  SCV x3  
  142  13:13  Marine x2  
  142  13:14  Marine x6  
  142  13:15  Marine x2  
  152  13:22  SCV x2  
  130  13:27  Siege Tank  
  130  13:31  Marine x2  
  130  13:32  Planetary Fortress, Marine x4  
  130  13:33  SCV  
  134  13:37  Siege Tank  
  137  13:47  Marine  
  137  13:48  Marine x3  
  135  13:56  Marine x3  
  135  13:59  SCV x2, Siege Tank  
  139  14:26  Marine x5  
  139  14:27  Siege Tank  
  139  14:28  Marine x2  
  139  14:29  Medivac x2, Marine  
  154  14:31  Siege Tank  
  154  14:35  Marine x2  
  152  14:40  SCV x4  
  152  14:44  Marine x2  
  155  14:47  Marine x4  
  155  14:48  Marine  
  156  15:12  Marine x5  
  156  15:13  Marine x5  
  159  15:23  Medivac x2  
  161  15:30  Marine x6  
  161  15:34  Siege Tank, Marine x3  
  161  15:35  Siege Tank  
  161  15:38  Marine  
  161  15:47  Marine  
  161  15:48  Marine  
  137  15:51  Marine  
  137  15:52  Marine x6  
  137  15:56  Marine  
  144  16:05  Marine x2  
  144  16:09  Marine  
  144  16:10  Marine  
Tags
 
Add a new tag
Caveats
  • Supply blocks, unpowered buildings, or Contaminate may cause inaccurate times.
  • Supply counts are checked every 10 seconds.